 Dungeon Crawl Stone Soup version 0.29-a0-234-g0dae59b3db (webtiles) character file.

Game seed: 17752669825267581805

35 dracfodder the Firebug (level 3, -1/19 HPs)
             Began as a Gargoyle Fire Elementalist on Mar 4, 2022.
             Slain by a gnoll
             ... wielding a +0 whip
              (2 damage)
             ... on level 2 of the Dungeon.
             The game lasted 00:06:50 (1077 turns).

dracfodder the Firebug (Gargoyle Fire Elementalist) Turns: 1077, Time: 00:06:51

Health: -1/19      AC:  7    Str: 18    XL:     3   Next: 35%
Magic:  3/6        EV:  6    Int: 17    God:
Gold:   95         SH:  0    Dex: 10    Spells: 0/6 levels left

rFire   . . .      SeeInvis .   h - +1 trident (vorpal)
rCold   . . .      Faith    .   (no shield)
rNeg    + + +      Spirit   .   a - +0 robe
rPois   ∞          Reflect  .   (no helmet)
rElec   +          Harm     .   (no cloak)
rCorr   .          Rampage  .   (no gloves)
Will    .....                   e - +1 pair of boots "Gesueh" {rN++ Str+7}
Stlth   ++........              (no amulet)
HPRegen 0.06/turn               (no ring)
MPRegen 0.10/turn               (no ring)

@: held
A: sickness immunity, AC +3, negative energy resistance 1, electricity
resistance, torment resistance 1, petrification resistance
a: no special abilities


You were on level 2 of the Dungeon.
You visited 1 branch of the dungeon, and saw 3 of its levels.

You collected 95 gold pieces.

Inventory:

Hand Weapons
 h - a +1 vorpal trident (weapon)
Missiles
 f - 51 stones
 m - 2 throwing nets
Armour
 a - a +0 robe (worn)
 e - the +1 pair of boots "Gesueh" (worn) {rN++ Str+7}
   (You found it on level 2 of the Dungeon)

   Str:       It affects your strength (+7).
   rN:        It greatly protects you from negative energy.
Scrolls
 c - 2 scrolls of identify {unknown}
 d - a scroll of teleportation {unknown}
 g - a scroll of immolation {unknown}
 j - 3 scrolls of vulnerability {unknown}
Potions
 b - 2 potions of mutation {unknown}
 i - a potion of curing {unknown}
 k - a potion of ambrosia {unknown}
 l - a potion of invisibility {unknown}


   Skills:
 + Level 1.7 Dodging
 + Level 2.3 Stealth
 * Level 2.4 Spellcasting
 + Level 1.2 Conjurations
 + Level 3.8 Fire Magic


You couldn't memorise any spells.
You knew the following spells:

 Your Spells              Type           Power      Damage    Failure   Level
a - Foxfire               Conj/Fire      40%        2x1d6     7%          1
b - Scorch                Fire           28%        2d6       6%          2
c - Conjure Flame         Conj/Fire      10%        6-21      21%         3

Your spell library contained the following spells:

 Spells                   Type           Power      Damage    Failure   Level
 Inner Flame              Hex/Fire       8%         N/A       26%         3
 Flame Wave               Conj/Fire      10%        2d5       54%         4


Dungeon Overview and Level Annotations

Branches:
Dungeon (3/15)

Altars:

Shops:
D:2 [?


Innate Abilities, Weirdness & Mutations

You are immune to sickness and miasma.
Your stone body is resilient. (AC +3)
You are immune to poison.
You resist negative energy. (rN+)
You are resistant to electric shocks. (rElec)
You are resistant to unholy torment.
You are immune to petrification.


Message History

2 gnolls come into view.
There is a stone staircase leading down here.
You climb downwards.
There is a stone staircase leading up here.
You climb upwards.
There is a stone staircase leading down here.
A gnoll comes into view. It is wielding a +0 flail.
Casting: Foxfire (safe; 7% risk of failure)
Press: ? - help, Q - select action, (/) - cycle Dir - look around, f - activate You conjure some foxfire!
The gnoll shouts!
You hear a shout!
The foxfire hits the gnoll but does no damage.
You hear a shout!
The foxfire hits the gnoll but does no damage.
Casting: Foxfire (safe; 7% risk of failure)
Press: ? - help, Q - select action, (/) - cycle Dir - look around, f - activate You conjure some foxfire!
The foxfire hits the gnoll.
The gnoll is moderately wounded.
The foxfire hits the gnoll.
The gnoll is heavily wounded.
Casting: Foxfire (safe; 7% risk of failure)
Confirm with . or Enter, or press ? or * to list all spells.
Flames lash the gnoll.
The gnoll is heavily wounded.
The gnoll's fire resistance burns away.
The gnoll throws a throwing net.
The throwing net hits you.
You become entangled in the net!
You see here a throwing net.
You struggle against the net.
You struggle against the net.
The gnoll closely misses you. The gnoll hits you with a +0 whip!
The gnoll hits you but does no damage.
You struggle against the net.
The gnoll is no longer more vulnerable to fire.
The gnoll hits you with a +0 flail!
* * * LOW HITPOINT WARNING * * *
The gnoll hits you with a +0 whip.
* * * LOW HITPOINT WARNING * * *
The gnoll hits you with a +0 whip.
You die...

#⌠.⌠# ### ####.∩.## #
..# #...⌠.⌠.# #. #.#
#.###...#### ... ##.#
#.##.......# .... ..#
#.##.##.##.# .....##.#
#.......##.#
.......g###.......##.#
#...g@.>....##.##.###
g####g###.#####......#
g.....###.#####..#.#.#
####...........#.#.##
#.....#####.#.#.##
#.......# #.#.....
#....<#.# #.#.#.##
#.....#.# #.....##
##########.####...##


You could see 3 gnolls.

Vanquished Creatures
  An adder (D:2)
  A dart slug (D:1)
  7 bats
  2 endoplasms
  A goblin (D:1)
  2 hobgoblins (D:1)
  2 kobolds (D:1)
  5 ball pythons
  2 frilled lizards (D:1)
23 creatures vanquished.

Vanquished Creatures (others)
  55 foxfires
55 creatures vanquished.

Grand Total: 78 creatures vanquished

Notes
Turn   | Place    | Note
-------+----------+-------------------------------------------
     0 | D:1      | dracfodder the Gargoyle Fire Elementalist began the quest
                  | for the Orb.
     0 | D:1      | Reached XP level 1. HP: 10/10 MP: 3/3
    41 | D:2      | Identified the +1 pair of boots "Gesueh" {rN++ Str+7}
    63 | D:2      | Found Esedaann's Magic Scroll Shop.
   204 | D:1      | Reached XP level 2. HP: 15/15 MP: 0/5
   733 | D:1      | Reached XP level 3. HP: 19/19 MP: 2/6
   782 | D:1      | Learned a level 2 spell: Scorch
   786 | D:1      | Learned a level 3 spell: Conjure Flame
  1017 | D:2      | Found Lihec's Antique Armour Shoppe.
  1077 | D:2      | Slain by a gnoll

Illustrated notes

Levels and vault maps discovered:
D:1:      minmay_arrival_solitary_statue, layout_rooms
D:2:      layout_loops_cross, serial_shops, shop_fountains,
          nicolae_shop_bloodbath_and_beyond, nicolae_shop_hallway_stairs, shop,
          minmay_misc_feat_nine_boxes, corexii_corridor_pit
D:3:      layout_rooms, st_stairs_9, uniq_jessica

Action                   || total
-------------------------++-------
Melee: Trident           ||    10
 Cast: Foxfire           ||    34
       Scorch            ||     2
Armor: Robe              ||     6
Dodge: Dodged            ||     9

Table legend: (Time is in decaauts)
 A = Elapsed time spent in this place.
 B = Non-inter-level travel time spent in this place.
 C = Inter-level travel time spent in this place.
 D = Time resting spent in this place.
 E = Time spent auto-exploring this place.
 F = Levels seen in this place.
 G = Mean time per level.
                   A        B        C        D        E       F      G
               +--------+--------+--------+--------+--------+-----+--------+
         Total |   1081 |   1033 |     48 |    367 |    438 |   3 |  360.3 |
       Dungeon |   1081 |   1033 |     48 |    367 |    438 |   3 |  360.3 |
               +--------+--------+--------+--------+--------+-----+--------+

Top non-repeatable levels by time:
     D:1: 861 daAuts
     D:2: 218 daAuts
     D:3: 1 daAuts
